 Dungeon Crawl Stone Soup version 0.28.0-45-g0d030f2227 (webtiles) character file.

Game seed: 16830097137176533177

59 Bamboolord the Firebug (level 4, -7/27 HPs)
             Began as an Octopode Fire Elementalist on Apr 7, 2022.
             Mangled by an orc priest
             ... wielding a +0 short sword
              (8 damage)
             ... on level 3 of the Dungeon.
             The game lasted 00:04:54 (2517 turns).

Bamboolord the Firebug (Octopode Fire Elementalist) Turns: 2517, Time: 00:04:56

Health: -7/27      AC:  1    Str:  7    XL:     4   Next: 3%
Magic:  0/7        EV: 13    Int: 19    God:
Gold:   112        SH:  5    Dex: 12    Spells: 5/8 levels left

rFire   . . .      SeeInvis .   (no weapon)
rCold   . . .      Faith    .   (no shield)
rNeg    . . .      Spirit   .   (helmet restricted)
rPois   .          Reflect  +   a - amulet of reflection
rElec   .          Harm     .   (no ring)
rCorr   .          Rampage  .   (no ring)
Will    .....                   (no ring)
Stlth   +++.......              (no ring)
HPRegen 0.09/turn               (no ring)
MPRegen 0.10/turn               (no ring)
                                (no ring)
                                (no ring)

@: no status effects
A: almost no armour, amphibious, 8 rings, camouflage 1, gelatinous body 1,
(nimble swimmer 1), tentacles
a: no special abilities


You were on level 3 of the Dungeon.
You visited 1 branch of the dungeon, and saw 3 of its levels.

You collected 112 gold pieces.

Inventory:

Jewellery
 a - an amulet of reflection (around mantle)
Scrolls
 b - a scroll of torment {unknown}
 c - 2 scrolls of amnesia {unknown}
 d - a scroll of noise {unknown}
Potions
 e - a potion of cancellation {unknown}


   Skills:
 * Level 2.3 Dodging
 + Level 2.9 Stealth
 * Level 2.5 Spellcasting
 * Level 1.5 Conjurations
 * Level 3.9 Fire Magic


You had 5 spell levels left.
You knew the following spells:

 Your Spells              Type           Power      Damage    Failure   Level
a - Foxfire               Conj/Fire      48%        2x1d6     5%          1
b - Scorch                Fire           34%        2d7       4%          2

Your spell library contained the following spells:

 Spells                   Type           Power      Damage    Failure   Level
 Conjure Flame            Conj/Fire      12%        6-21      16%         3
 Inner Flame              Hex/Fire       9%         N/A       22%         3
 Ensorcelled Hibernation  Hex/Ice        4%         N/A       24%         2
 Passwall                 Tmut/Erth      1%         N/A       24%         2
 Swiftness                Air            2%         N/A       43%         3
 Flame Wave               Conj/Fire      12%        2d6       45%         4
 Animate Dead             Necr           1%         N/A       85%         4
 Borgnjor's Vile Clutch   Necr/Erth      1%         N/A       99%         5
 Death Channel            Necr           1%         N/A       100%        6


Dungeon Overview and Level Annotations

Branches:
Dungeon (3/15)

Altars:


Innate Abilities, Weirdness & Mutations

You cannot wear most types of armour.
You are amphibious.
You can wear up to eight rings at the same time.
Your skin changes colour to match your surroundings (Stealth+).
Your rubbery body absorbs attacks. (AC +1, EV +1)
((You are camouflaged when in or above water. (Stealth+)))
You have tentacles for arms and can constrict up to eight enemies at once.


Message History

The foxfire hits the orc priest but does no damage.
The orc priest is moderately wounded.
Casting: Foxfire (safe; 5% risk of failure)
Press: ? - help, Q - select action, (/) - cycle Dir - look around, f - activate You conjure some foxfire!
You block the orc priest's attack.
Unknown command.
You tentacle-slap the orc priest but do no damage.
You grab the orc priest.
The orc priest is moderately wounded.
You constrict the orc priest, but do no damage.
The foxfire hits the orc priest but does no damage.
The orc priest is moderately wounded.
The foxfire hits the orc priest but does no damage.
The orc priest is moderately wounded.
The orc priest hits you with a +0 short sword.
You tentacle-slap the orc priest but do no damage.
You squeeze the orc priest.
The orc priest is moderately wounded.
You constrict the orc priest, but do no damage.
The orc priest closely misses you.
You tentacle-slap the orc priest but do no damage.
The orc priest is moderately wounded.
You constrict the orc priest.
The orc priest mumbles some strange prayers to Beogh against you.
Pain shoots through your body!
Casting: Foxfire (safe; 5% risk of failure)
Press: ? - help, Q - select action, (/) - cycle Dir - look around, f - activate You conjure some foxfire!
You constrict the orc priest, but do no damage.
The orc priest mumbles some strange prayers to Beogh against you.
Beogh smites you!
* * * LOW HITPOINT WARNING * * *
You release your grip on the orc priest.
The foxfire hits the orc priest.
The orc priest is severely wounded.
The foxfire hits the orc priest but does no damage.
The orc priest is severely wounded.
The orc priest hits you with a +0 short sword!
You die...

# .# #.##
.....
####+#...#
#........#
#........#
#.§@..$..#
#.§)o....#
#......#.#
#.....)#
#........
#......#..
.........#.
#####+#.#.#


You could see an orc priest.

Vanquished Creatures
  2 worms (D:2)
  A dart slug (D:2)
  2 orcs (D:3)
  5 bats
  6 endoplasms
  3 giant cockroaches (D:1)
  6 goblins
  3 hobgoblins
  5 jackals (D:1)
  A kobold (D:2)
  2 quokkas
  A ball python (D:1)
  2 frilled lizards (D:1)
  4 rats (D:1)
43 creatures vanquished.

Vanquished Creatures (others)
  66 foxfires
66 creatures vanquished.

Grand Total: 109 creatures vanquished

Notes
Turn   | Place    | Note
-------+----------+-------------------------------------------
     0 | D:1      | Bamboolord the Octopode Fire Elementalist began the quest
                  | for the Orb.
     0 | D:1      | Reached XP level 1. HP: 11/11 MP: 3/3
   193 | D:1      | Reached XP level 2. HP: 17/17 MP: 1/5
   660 | D:1      | Reached XP level 3. HP: 14/21 MP: 2/6
   784 | D:1      | Learned a level 2 spell: Scorch
  2506 | D:3      | Reached XP level 4. HP: 27/27 MP: 4/7
  2516 | D:3      | HP: 1/27 [orc priest/divine providence (13)]
  2517 | D:3      | Mangled by an orc priest

Illustrated notes

Levels and vault maps discovered:
D:1:      psy_arrival_conway, layout_loops_ring
D:2:      layout_basic, minivault_11
D:3:      layout_basic, serial_shops, nicolae_shop_bloodbath_and_beyond,
          chequers_avenue

Action                   |  1- 3 |  4- 6 || total
-------------------------+-------+-------++-------
Melee: Unarmed           |    49 |     3 ||    52
       Constrict         |    10 |     1 ||    11
       Tentacles         |    11 |     1 ||    12
       Punch             |     2 |       ||     2
 Cast: Foxfire           |    32 |     5 ||    37
       Scorch            |    12 |       ||    12
 Stab: Sleeping          |     5 |       ||     5
Armor: Skin              |     6 |       ||     6
Dodge: Dodged            |    41 |     1 ||    42
Block: Other             |     5 |     1 ||     6
